cohdb
Replays
Latest Replays
All Replays
Popular Replays
Top Player Replays
Match Explorer
How It Works
Community
CoH3 Stats
Reddit
Sign in to upload your games and track your stats! →
Sign in with Steam
Match 43464020
Unlisted
Match 43464020
Overview
Messages
Build Orders
End
Engineer Squad
Construct Barracks
Selects Airborne Battlegroup
Selects Heavy Machine Gun Paradrop
Riflemen Squad
Heavy Machine Gun Paradrop
Riflemen Squad
Construct Medical Station
Riflemen Squad
Infantry Support Center
Selects Paratrooper Squad Paradrop
M1918 Browning Automatic Rifles
Grenade Package
Selects Anti-tank Gun Team Paradrop
Selects Recon Loiter
Riflemen Squad
Paratrooper Squad Paradrop
Construct Tank Depot
Anti-tank Gun Team Paradrop
M4A1 Sherman Medium Tank
Recon Loiter
Paratrooper Squad Paradrop
Selects Supply Drop
Selects Paradrop Reinforcements
Selects Carpet Bombing Run
M4A1 Sherman Medium Tank
Engineer Squad
Anti-tank Gun Team Paradrop
Guderian
Ludenj
R4md4c
Mustache and Melons
0
0
Comments
sign in to comment!
No comments posted yet!